AoeStats
← Santi Povs

Black Forest

508348446Analyzed
2v2 RM · 11d ago on Sep 22, 2026· 40m 13s· 4 players
Game mode
Random Map
Map size
Medium (4 player)
Population
200
Speed
Normal
Resources
Standard
Victory
Conquest
Starting age
Dark Age
Ending age
Imperial Age
RankedLock teamsTeams togetherTeam positionsShared explorationLock speedFull tech treeHidden civsTurbo modeCheats
Victory
Defeat
🇨🇴 Celts · Colombia
956
+12
🇨🇴 Romans · Colombia
859
+15
🇺🇸 Khmer · United States
888
-15
🇵🇪 Vietnamese · Peru
826
-12
Ekutoru
12:14 Feudal Age
14:23 Double-Bit Axe
16:25 Loom
18:58 Castle Age
18:49 Fishing Lines
20:02 Bow Saw
20:28 Wheelbarrow
19:49 Gold Mining
20:03 Horse Collar
20:17 Stone Mining
20:51 Hand Cart
26:02 Gillnets
27:29 Caravan
28:21 Stone Shaft Mining
28:51 Forging
33:40 Imperial Age
32:19 Scale Barding Armor
33:27 Iron Casting
33:51 Bloodlines
33:44 Husbandry
34:11 Chain Barding Armor
33:44 Fletching
34:36 Thumb Ring
34:36 Chatras
35:00 Paper Money
34:59 Heavy Plow
35:25 Padded Archer Armor
35:21 Bodkin Arrow
37:55 Chemistry
37:15 Ballistics
38:14 Two-Man Saw
37:10 Elite Battle Elephant
40:04 Elite Rattan Archer
Zennx
1:05 Loom
12:51 Feudal Age
20:09 Castle Age
21:12 Double-Bit Axe
27:48 Stone Mining
29:22 Wheelbarrow
31:08 Hand Cart
32:25 Bow Saw
32:55 Stone Shaft Mining
32:02 Horse Collar
32:53 Fortified Wall
32:58 Bloodlines
32:51 Husbandry
33:30 Light Cavalry
34:20 Scale Barding Armor
34:43 Town Watch
36:27 Chain Barding Armor
38:49 Imperial Age
Santi Povs
8:48 Loom
12:13 Feudal Age
16:05 Castle Age
15:08 Double-Bit Axe
15:38 Horse Collar
23:52 Bow Saw
28:03 Imperial Age
26:45 Wheelbarrow
25:57 Town Watch
26:45 Scale Mail Armor
26:49 Heavy Plow
26:42 Gold Mining
27:17 Forging
27:57 Chain Mail Armor
28:24 Gold Shaft Mining
27:27 Pikeman
29:23 Iron Casting
29:37 Hand Cart
29:30 Capped Ram
31:02 Siege Ram
32:55 Blast Furnace
33:35 Plate Mail Armor
32:57 Halberdier
34:03 Heavy Scorpion
36:18 Chemistry
37:56 Siege Engineers
NickyCash
13:29 Feudal Age
11:44 Loom
17:00 Castle Age
15:25 Stone Mining
16:00 Horse Collar
16:25 Double-Bit Axe
27:50 Gold Mining
32:38 Imperial Age
32:39 Gold Shaft Mining
32:06 Heavy Plow
32:20 Bow Saw
32:23 Caravan
33:28 Wheelbarrow
32:42 Town Watch
34:41 Chemistry
34:21 Siege Engineers
34:28 Fortified Wall
36:33 Hand Cart
36:20 Town Patrol
36:17 Murder Holes
36:45 Ballistics
36:43 Bloodlines
36:59 Ballistas
37:16 Conscription
37:20 Heavy Scorpion
40:30 Masonry
Connection lost

Rejoining the realm…

Still unreachable

The connection could not be restored.

Session expired

The server has moved on; the page needs a fresh start.